 Dungeon Crawl Stone Soup version 0.19-a0-1626-g5215c36 (webtiles) character file.

56 jacquesderrida the Slasher (level 3, 0/18 HPs)
             Began as a Vine Stalker Skald on Sept 18, 2016.
             Was an Initiate of Okawaru.
             Killed by nerve-wracking pain
             ... invoked by Jessica
              (7 damage)
             ... on level 3 of the Dungeon.
             The game lasted 00:01:29 (454 turns).

jacquesderrida the Slasher (Vine Stalker Skald)      Turns: 454, Time: 00:01:30

Health: 0/18       AC:  7    Str: 14    XL:     3   Next: 97%
Magic:  0/7        EV: 10    Int: 12    God:    Okawaru [......]
Gold:   70         SH:  0    Dex: 14    Spells: 1 memorised, 5 levels left

rFire  + . .     SeeInvis .     a - +0 falchion
rCold  . . .     Gourm    .     m - +1 ring mail {rF+}
rNeg   . . .     Faith    .     (no shield)
rPois  .         Spirit   +     (no helmet)
rElec  .         Dismiss  .     k - +0 cloak
rCorr  .         Reflect  .     (no gloves)
MR     .....     Harm     .     (no boots)
Stlth  +.........               (no amulet)
                                (no ring)
                                (no ring)

@: no status effects
A: fangs 2, magic shield, antimagic bite, no device heal 3, rot immunity
a: Renounce Religion


You were on level 3 of the Dungeon.
You worshipped Okawaru.
Okawaru was noncommittal.
You were not hungry.

You visited 1 branch of the dungeon, and saw 3 of its levels.

You collected 70 gold pieces.

Inventory:

Hand Weapons
 a - a +0 falchion (weapon)
Armour
 k - a +0 cloak (worn)
 m - a +1 ring mail of fire resistance (worn)
Wands
 i - a wand of lightning (4/15)
Scrolls
 b - a scroll of amnesia {unknown}
 e - a scroll of teleportation
Books
 c - a book of Battle

   Spells                             Type                      Level
   a - Infusion                       Charms                       1
   b - Shroud of Golubria             Charms/Translocation         2
   c - Song of Slaying                Charms                       2
   d - Spectral Weapon                Hexes/Charms                 3
   e - Regeneration                   Charms/Necromancy            3
Comestibles
 d - a bread ration
 f - a beef jerky
 g - 2 meat rations


   Skills:
 - Level 1.7 Fighting
 + Level 3.7 Long Blades
 - Level 0.7 Armour
 - Level 0.7 Dodging
 - Level 2.1 Spellcasting
 - Level 3.0 Charms


You had 5 spell levels left.
You knew the following spells:

 Your Spells              Type           Power        Failure   Level  Hunger
a - Infusion              Chrm           #...         17%         1    ##.....


Dungeon Overview and Level Annotations

Branches:
Dungeon (3/15)

Altars:
Okawaru

Annotations:
D:3 Jessica


Innate Abilities, Weirdness & Mutations

You have extremely sharp teeth.
When hurt, damage is shared between your health and your magic reserves.
Your bite disrupts and absorbs the magic of your enemies.
Potions and wands cannot restore your health.
You are immune to rotting.


Message History

Jessica misses you.
You barely miss Jessica. Jessica hits you but does no damage.
You hit Jessica but do no damage. Jessica closely misses you.
You riposte.
You hit Jessica.
Jessica is heavily wounded.
Jessica barely misses you.
You hit Jessica. You bite Jessica, but do no damage.
Jessica is heavily wounded.
Jessica hits you but does no damage.
You barely miss Jessica.
Jessica is heavily wounded.
Jessica gestures at you while chanting. Pain shoots through your body!
Jessica grins evilly.
Jessica hits you but does no damage.
You barely miss Jessica.
Jessica is heavily wounded.
Jessica gestures at you while chanting. Pain shoots through your body!
You die...

..#### #..# #.# #
### #..#######.# #
# #..#.......#
#### # #
...#.####### ....
..##. #..#.# ####
.....g##..#.#
...@oo..o.#.#
......##@##.#
########### ..##.
#@##.###..........
#
#.#...##.###......
#......#.##.#.#.#.
###...............
##.###.##.#.#.#.
####.##...........
..............###.
###.##..##.### #.
######.......#.#
#.


You could see Jessica and an orc.

Vanquished Creatures
  Terence (D:3)
  4 orcs (D:3)
  2 bats
  2 giant cockroaches (D:2)
  4 goblins
  4 hobgoblins
  3 jackals (D:2)
  A kobold (D:3)
  A frilled lizard (D:2)
22 creatures vanquished.

Notes
Turn   | Place    | Note
-------+----------+-------------------------------------------
     0 | D:1      | jacquesderrida the Vine Stalker Skald began the quest for the Orb.
     0 | D:1      | Reached XP level 1. HP: 11/11 MP: 4/4
    70 | D:2      | Reached XP level 2. HP: 15/15 MP: 1/6
   304 | D:3      | Noticed Terence
   313 | D:3      | Killed Terence
   313 | D:3      | Reached XP level 3. HP: 13/18 MP: 2/7
   341 | D:3      | Found an iron altar of Okawaru.
   359 | D:3      | Became a worshipper of Warmaster Okawaru
   425 | D:3      | Noticed Jessica
   454 | D:3      | Killed from afar by Jessica

Vault maps used:
D:1:      lightli_arrival_statue_moat
D:2:      first_bread, lemuel_statue_altar
D:3:      okawaru_gym_becter, roderic_whirl, uniq_terence, uniq_jessica

Skill      XL: |  1  2 |
---------------+-------+-----
Long Blades    | 2 3 |  3.7
Fighting       | |  1.7
Armour         | |  0.7
Dodging        | |  0.7
Spellcasting   | |  2.1
Charms         | |  3.0

Action                   || total
-------------------------++-------
Melee: Falchion          ||    84
       Bite              ||    16
 Cast: Infusion          ||     2
  Use: Scroll            ||     1
       Potion            ||     2
Armor: Leather armour    ||     7
       Ring mail         ||     9
Dodge: Dodged            ||    42
